 Dungeon Crawl Stone Soup version 0.24.0-13-gcf9b319 (webtiles) character file.

Game seed: 4637487118698376074, levelgen mode: deterministic

3427 Arex the Ducker (level 10, -3/71 HPs)
             Began as an Octopode Fighter on Mar 20, 2020.
             Slain by a yak (16 damage)
             ... on level 8 of the Dungeon.
             The game lasted 00:31:31 (8925 turns).

Arex the Ducker (Octopode Fighter)                  Turns: 8925, Time: 00:31:32

Health: -3/71      AC:  1    Str: 18    XL:     10   Next: 5%
Magic:  11/11      EV: 15    Int: 11    God:
Gold:   425        SH: 12    Dex: 12    Spells: 9/9 levels left

rFire    . . .     SeeInvis .     - Unarmed
rCold    . . .     Gourm    .   a - +2 shield
rNeg     . . .     Faith    .   (helmet restricted)
rPois    .         Spirit   .   (no amulet)
rElec    .         Reflect  .   (no ring)
rCorr    .         Harm     .   (no ring)
MR       .....                  (no ring)
Stlth    ++++......             (no ring)
HPRegen  0.21/turn              (no ring)
MPRegen  0.12/turn              (no ring)
                                (no ring)
                                (no ring)

@: about to teleport
A: almost no armour, stealthy swim, amphibious, 8 rings, constrict 8, camouflage
1, gelatinous body 1
a: no special abilities


You were on level 8 of the Dungeon.
You were hungry.

You visited 2 branches of the dungeon, and saw 9 of its levels.

You collected 425 gold pieces.

Inventory:

Armour
 a - a +2 shield (worn)
Wands
 b - a wand of polymorph (13)
 m - a wand of random effects (8)
Scrolls
 d - 6 scrolls of remove curse
 g - a scroll of immolation
 j - 2 scrolls of noise
 o - a scroll of magic mapping
 r - 3 scrolls of teleportation
 t - 2 scrolls of fog
 v - a scroll of enchant weapon {unknown}
 x - a scroll of enchant armour
Potions
 f - 2 potions of lignification
 h - 2 potions of curing {unknown}
 i - 2 potions of degeneration {unknown}
 k - a potion of haste {unknown}
 l - a potion of invisibility {unknown}
 p - a potion of brilliance
 u - a potion of cancellation {unknown}
Comestibles
 c - 7 rations
 n - 12 chunks of flesh


   Skills:
 + Level 7.2 Fighting
 + Level 7.2 Dodging
 - Level 6.0 Stealth
 + Level 7.2 Shields
 + Level 6.8 Unarmed Combat
 - Level 1.8 Evocations


You had 9 spell levels left.
You didn't know any spells.
Your spell library contained the following spells:

 Spells                   Type           Power        Failure   Level  Hunger
 Confusing Touch          Hex            #.....       67%         1    ##.....
 Sting                    Conj/Pois      #...         67%         1    ##.....
 Poisonous Vapours        Pois/Air       #.....       82%         2    ###....
 Confuse                  Hex            #.......     96%         3    ####...
 Gell's Gravitas          Tloc           #.........   96%         3    ####...
 Mephitic Cloud           Conj/Pois/Air  #.......     96%         3    ####...
 Olgreb's Toxic Radiance  Pois           #.......     100%        4    #####..
 Petrify                  Tmut/Erth      #.......     100%        4    #####..
 Metabolic Englaciation   Hex/Ice        #.........   100%        5    ######.
 Venom Bolt               Conj/Pois      #.........   100%        5    ######.
 Yara's Violent Unravell  Hex/Tmut       #.........   100%        5    ######.


Dungeon Overview and Level Annotations

Branches:
Dungeon (8/15)             Temple (1/1) D:4
   Lair: D:8-11

Altars:
Ashenzari
Dithmenos
Elyvilon
Fedhas
Gozag
Hepliaklqana
Makhleb
Qazlal
Ru
Sif Muna
Trog
Uskayaw
Vehumet
Wu Jian
Xom
Yredelemnul
Zin
The Shining One


Innate Abilities, Weirdness & Mutations

You cannot wear most types of armour.
You are very stealthy in the water. (Stealth+)
You are amphibious.
You can wear up to eight rings at the same time.
You can use your tentacles to constrict eight enemies at once.
Your skin changes colour to match your surroundings (Stealth+).
Your rubbery body absorbs attacks. (AC +1, EV +1)


Message History

You barely miss the yak. Your squeeze misses the yak.
The yak is moderately wounded.
The yak closely misses you.
You tentacle-slap the yak.
The yak is heavily wounded.
The yak gores you!
* * * LOW HITPOINT WARNING * * *
You hear a bellow!
You tentacle-slap the yak.
The yak is heavily wounded.
You hear a bellow! x2
The yak gores you!
* * * LOW HITPOINT WARNING * * *
Evoke which item? (* to show all) (? for menu, Esc to quit)
Okay, then.
Okay, then.
Okay, then.
As you read the scroll of teleportation, it crumbles to dust.
You feel strangely unstable. The yak gores you!
You die...

### #.# ### #.#####.#
######+##### ########.#...#_#
#..........# #........#.#.#.###
+..........# #.######.#........
#..........#.#<# #.#..##.###
#..........#.#@# #.#.....#..
#........).#.#Y# ###.#........
#..........#.#.# #......##....
#..........#.#.# #.#.#..##....
#..........#.#.# #.#.......#..
.......t.....#.#.####.###...#.#.#
o..o#######....#..)...#.....#...#
o... #.#..####Y#.####....... ....
#.#..)))...............


You could see a yak.

Vanquished Creatures
  Grinder (D:3)
  Sigmund (D:2)
  A yak (D:8)
  2 sky beasts
  An orc warrior (D:8)
  A phantom (D:8)
  An ice beast (D:6)
  A necrophage (D:6)
  5 ogres
  A wolf (D:8)
  5 centaurs
  2 big kobolds (D:5)
  A wyvern zombie (D:7)
  A bullfrog (D:7)
  A gnoll sergeant (D:6)
  A wyvern skeleton (D:7)
  A scorpion (D:7)
  A howler monkey (D:6)
  A crimson imp (D:5)
  2 orc priests
  4 hounds
  A bullfrog skeleton (D:7)
  2 jellies
  8 orc wizards
  A centaur skeleton (D:5)
  Jessica (D:3)
  Ijyb (D:3)
  Terence (D:3)
  2 iguanas
  3 worker ants
  Robin (D:3)
  4 adders
  9 gnolls
  2 shadow imps
  3 oozes
  An adder skeleton (D:4)
  2 worms (D:2)
  4 dart slugs
  4 leopard geckos
  16 orcs
  5 bats
  9 giant cockroaches
  15 goblins
  10 hobgoblins
  4 jackals (D:1)
  5 quokkas
  A ball python (D:4)
  4 frilled lizards
  A jackal skeleton (D:4)
  10 kobolds
  A leopard gecko skeleton (D:7)
  2 quokka skeletons
  9 rats
177 creatures vanquished.

Notes
Turn   | Place    | Note
-------+----------+-------------------------------------------
     0 | D:1      | Arex the Octopode Fighter began the quest for the Orb.
     0 | D:1      | Reached XP level 1. HP: 16/16 MP: 1/1
   134 | D:1      | Reached XP level 2. HP: 18/21 MP: 2/2
   280 | D:1      | Reached XP level 3. HP: 16/26 MP: 3/3
   914 | D:2      | Noticed Sigmund
   973 | D:2      | Killed Sigmund
   973 | D:2      | Reached XP level 4. HP: 19/33 MP: 4/4
   973 | D:2      | Reached XP level 5. HP: 21/37 MP: 5/5
  1433 | D:2      | Reached XP level 6. HP: 41/43 MP: 6/6
  2146 | D:3      | Noticed Terence
  2150 | D:3      | Noticed Grinder
  2153 | D:3      | Killed Terence
  2159 | D:3      | Killed Grinder
  2159 | D:3      | Reached XP level 7. HP: 28/49 MP: 7/7
  2371 | D:3      | Noticed Ijyb
  2376 | D:3      | Killed Ijyb
  2458 | D:3      | Found a shadowy altar of Dithmenos.
  2483 | D:3      | Noticed Robin
  2490 | D:3      | Killed Robin
  2633 | D:3      | Found a hide-covered altar of Uskayaw.
  2634 | D:3      | Noticed a +0 dagger
  2634 | D:3      | Noticed a +0 hand axe
  2649 | D:3      | Noticed Jessica
  2655 | D:3      | Killed Jessica
  2655 | D:3      | Reached skill level 5 in Fighting
  2726 | D:3      | Reached skill level 5 in Dodging
  2726 | D:3      | Reached skill level 5 in Shields
  3251 | D:4      | Reached skill level 1 in Evocations
  3401 | D:4      | Reached XP level 8. HP: 47/55 MP: 9/9
  3645 | D:4      | Found a hazy altar of Hepliaklqana.
  3882 | D:4      | Found a staircase to the Ecumenical Temple.
  3888 | Temple   | Entered the Ecumenical Temple
  4144 | D:4      | Found a sacrificial altar of Ru.
  4162 | D:4      | Found a basalt altar of Yredelemnul.
  4265 | D:5      | Entered Level 5 of the Dungeon
  4293 | D:5      | Reached skill level 1 in Stealth
  4623 | D:5      | HP: 1/56 [something (5)]
  4627 | D:5      | Reached skill level 5 in Unarmed Combat
  5474 | D:5      | Reached XP level 9. HP: 57/62 MP: 10/10
  5798 | D:6      | Found a shimmering blue altar of Sif Muna.
  6199 | D:6      | Found a shimmering blue altar of Sif Muna.
  6305 | D:6      | Reached skill level 5 in Stealth
  7364 | D:7      | Found a glowing golden altar of the Shining One.
  8172 | D:8      | Found a glowing silver altar of Zin.
  8622 | D:8      | HP: 2/63 [orc warrior/+0 hand axe of flaming (4)]
  8811 | D:8      | Reached XP level 10. HP: 55/71 MP: 11/11
  8925 | D:8      | Slain by a yak

Levels and vault maps discovered:
D:1:      eino_arrival_cavern_a, layout_rooms, chequers_serial_rivers_micro_b
D:2:      layout_loops_cross, kennysheep_pointless_box, minmay_cut_off,
          uniq_sigmund
D:3:      layout_basic, nicolae_dithmenos_shadow_blocks,
          dancing_weapons_uskayaw, uniq_jessica, uniq_robin, uniq_terence,
          uniq_grinder, uniq_ijyb
D:4:      layout_basic, nicolae_overflow_hidden_temple,
          nicolae_ru_the_path_less_chosen, kennysheep_mini_moat,
          minmay_temple_entry_hall
D:5:      cheibrodos_thug_alley, layout_loops_ring, first_ration
D:6:      layout_cave_pools, overflow_temple_1_default, basic_altar,
          minivault_11, minmay_misc_feat_plants
D:7:      layout_basic, tso_oasis_becter
D:8:      layout_basic, kiku_gazebo_pond_becter, overflow_temple_1_default,
          grunt_temple_overflow_open, minmay_manual_macuahuitl
Temple:   dpeg_chambers_temple

Skill      XL: |  1  2  3  4  5  6  7  8  9 |
---------------+----------------------------+-----
Fighting       | 4 5 6 7 |  7.2
Dodging        | 4 5 6 7 |  7.2
Shields        | 4 5 6 7 |  7.2
Unarmed Combat | 3 4 5 6 |  6.8
Evocations     | 1 |  1.8
Stealth        | 3 6 |  6.0

Action                   |  1- 3 |  4- 6 |  7- 9 | 10-12 || total
-------------------------+-------+-------+-------+-------++-------
Melee: Unarmed           |    97 |    63 |   319 |    15 ||   494
       Constrict         |    25 |    22 |    53 |     1 ||   101
       Tentacles         |    19 |    13 |    79 |     4 ||   115
       Punch             |     4 |     1 |    14 |     4 ||    23
Evoke: Wand              |       |       |    14 |     5 ||    19
  Use: Scroll            |     1 |     4 |     9 |     1 ||    15
       Potion            |       |     1 |     5 |       ||     6
 Stab: Sleeping          |     9 |     5 |    12 |       ||    26
       Distracted        |       |       |     1 |       ||     1
  Eat: Chunk             |       |     3 |    15 |       ||    18
       Ration            |       |       |     2 |       ||     2
Armor: Skin              |     9 |       |     5 |     2 ||    16
Dodge: Dodged            |    32 |    20 |   139 |     5 ||   196
Block: Shield            |    35 |    16 |   118 |     7 ||   176
